Map: Moondance

Players

Maplez - Winner!

  • Race: Protoss Protoss
  • League: Grandmaster
  • Spawn Location: 6:00

Zero

  • Race: Terran Terran
  • League: Grandmaster
  • Spawn Location: 12:00

VOD

Have the link to the VOD?

Description

Time

  • Played on: Aug. 17, 2022, 11:08 p.m.
  • Length: 9:31
Show
View Real Time Build Order
Export as new Build Order

Maplez Protoss - Winner!

Build Orders: 1 Gate Expand, Blink Stalkers 

Get SALT Encoding   

  12  0:00  Probe  
  13  0:12  Probe  
  14  0:16  Pylon  
  14  0:24  Probe (Chrono Boost)  
  16  0:36  Gateway, Probe (Chrono Boost)  
  16  0:42  Probe (Chrono Boost)  
  16  0:47  Assimilator  
  17  0:51  Probe  
  18  1:03  Probe  
  19  1:15  Probe  
  20  1:24  Cybernetics Core  
  20  1:34  Nexus  
  20  1:40  Pylon  
  20  1:43  Probe  
  21  1:50  Assimilator  
  21  1:55  Probe  
  21  1:58  Adept (Chrono Boost)  
  24  2:01  Warp Gate  
  24  2:09  Probe  
  25  2:19  Twilight Council  
  25  2:22  Adept (Chrono Boost), Probe  
  28  2:34  Probe  
  29  2:46  Probe x2  
  29  2:47  Blink (Chrono Boost)  
  31  2:59  Probe x2  
  31  3:03  Gateway  
  33  3:11  Probe x2  
  33  3:20  Robotics Facility  
  33  3:23  Probe  
  33  3:25  Gateway, Probe  
  35  3:31  Gateway  
  35  3:35  Probe  
  35  3:37  Pylon  
  35  3:40  Probe  
  37  3:47  Probe  
  38  3:50  Stalker  
  38  3:52  Probe  
  38  3:55  Pylon  
  41  3:59  Probe  
  41  4:00  Stalker  
  44  4:04  Warp Prism (Chrono Boost)  
  46  4:14  Stalker  
  46  4:16  Probe  
  49  4:19  Assimilator  
  49  4:20  Stalker  
  51  4:25  Probe  
  51  4:30  Stalker  
  54  4:33  Pylon, Observer  
  54  4:34  Probe  
  54  4:37  Probe  
  57  4:43  Pylon  
  57  4:51  Stalker x3  
  63  4:54  Stalker  
  63  5:11  Probe x2  
  61  5:15  Stalker x3  
  61  5:18  Stalker  
  69  5:27  Nexus  
  67  5:44  Zealot x4  
  73  5:54  Probe  
  73  5:55  Probe  
  67  6:00  Assimilator  
  63  6:04  Robotics Bay  
  63  6:06  Probe  
  63  6:07  Probe  
  63  6:09  Forge, Zealot x3  
  69  6:14  Observer  
  69  6:17  Immortal (Chrono Boost)  
  67  6:29  Charge (Chrono Boost)  
  67  6:30  Probe x2 (Chrono Boost)  
  61  6:39  Protoss Ground Weapons Level 1 (Chrono Boost)  
  61  6:41  Probe (Chrono Boost)  
  61  6:42  Probe (Chrono Boost)  
  64  6:47  Sentry x2, Zealot  
  64  6:48  Probe (Chrono Boost)  
  64  6:49  Zealot, Immortal (Chrono Boost)  
  76  6:55  Probe (Chrono Boost)  
  76  6:59  Probe  
  78  7:02  Gateway  
  78  7:03  Gateway  
  78  7:07  Gateway  
  79  7:08  Probe  
  79  7:13  Gateway  
  79  7:14  Probe x2  
  81  7:17  Extended Thermal Lance  
  81  7:19  Pylon  
  81  7:20  Probe  
  82  7:27  Stalker x2  
  86  7:30  Colossus (Chrono Boost)  
  92  7:38  Assimilator  
  92  7:41  Pylon  
  92  7:45  Zealot x2  
  92  7:50  Pylon  
  92  7:51  Pylon  
  96  7:53  Photon Cannon, Probe  
  96  7:57  Zealot x2  
  101  8:02  Zealot x2  
  103  8:06  Stalker  
  103  8:07  Stalker  
  107  8:14  Probe  
  107  8:15  Probe  
  95  8:21  Warp Prism (Chrono Boost)  
  97  8:28  Pylon  
  97  8:29  Zealot x3  
  97  8:32  Probe  
  104  8:37  Photon Cannon  
  104  8:44  Zealot x2  
  104  8:45  Zealot  
  110  8:48  Shield Battery  
  110  8:50  Zealot x2  
  103  9:05  Zealot x4  
  111  9:16  Stalker x3  
  103  9:26  Zealot x2  
  103  9:29  Zealot  
Show
View Real Time Build Order
Export as new Build Order

Zero Terran 

Build Orders:  

Get SALT Encoding   

  12  0:00  SCV  
  13  0:12  SCV  
  14  0:17  Supply Depot  
  14  0:24  SCV  
  15  0:38  SCV  
  15  0:39  Barracks  
  15  0:42  Refinery  
  16  0:50  SCV  
  17  1:02  SCV  
  18  1:14  SCV  
  19  1:26  Marine  
  19  1:27  Orbital Command  
  20  1:47  Command Center  
  20  1:48  Barracks Reactor  
  20  1:53  SCV  
  21  1:59  Supply Depot  
  21  2:05  SCV  
  22  2:11  Factory  
  22  2:17  SCV  
  22  2:19  Refinery  
  23  2:24  Marine x2  
  23  2:29  SCV  
  26  2:35  Bunker  
  26  2:41  SCV  
  26  2:42  Marine  
  27  2:57  SCV, Starport  
  28  3:00  Orbital Command  
  28  3:04  Factory Tech Lab  
  28  3:08  Marine x2  
  30  3:17  SCV  
  29  3:23  Cyclone  
  29  3:26  SCV  
  33  3:27  Marine x2  
  33  3:31  SCV  
  33  3:33  Starport Tech Lab  
  36  3:38  SCV  
  36  3:39  Supply Depot  
  37  3:43  SCV  
  37  3:48  Barracks  
  38  3:50  SCV  
  38  3:52  Raven  
  38  3:55  Marine x2  
  42  4:02  SCV, Engineering Bay  
  44  4:06  Refinery  
  44  4:07  SCV  
  45  4:12  Siege Tank  
  45  4:15  SCV  
  49  4:20  SCV  
  49  4:23  Supply Depot  
  50  4:24  Marine x2  
  50  4:30  Missile Turret  
  50  4:31  Terran Infantry Weapons Level 1  
  52  4:34  SCV x2  
  54  4:41  Barracks  
  54  4:52  Marine  
  54  4:53  SCV, Marine, Starport Reactor  
  54  4:54  SCV  
  54  4:58  Refinery  
  58  5:05  SCV  
  58  5:06  SCV  
  55  5:11  Siege Tank  
  58  5:16  Marine x2  
  58  5:17  SCV  
  58  5:18  SCV  
  62  5:28  Supply Depot  
  62  5:29  Supply Depot  
  62  5:34  SCV, Medivac  
  62  5:35  Marauder  
  62  5:36  Medivac  
  63  5:48  Stimpack  
  63  5:49  Marauder  
  55  5:50  SCV  
  55  5:54  SCV  
  47  6:01  Marine  
  47  6:02  Marine  
  47  6:03  Barracks Tech Lab  
  43  6:10  Marauder  
  33  6:32  Marine x3  
  32  6:41  Combat Shield  
  32  6:46  SCV, Marauder  
  35  6:51  Medivac  
  36  6:55  Widow Mine  
  36  6:58  Marine  
  39  7:01  SCV  
  41  7:08  Marauder  
  41  7:13  SCV  
  42  7:19  SCV  
  43  7:25  Marine x2, Marauder  
  47  7:31  SCV  
  47  7:32  SCV  
  47  7:36  Marauder  
  51  7:38  Widow Mine  
  53  7:45  Concussive Shells  
  53  7:46  SCV  
  53  7:47  Medivac  
  53  7:50  Marauder  
  58  7:51  SCV  
  58  7:55  Marine  
  58  7:56  Marine  
  61  7:58  SCV  
  61  8:03  SCV  
  63  8:09  Marauder  
  63  8:11  SCV  
  66  8:16  SCV  
  66  8:18  Marine  
  66  8:19  Marauder  
  66  8:23  SCV, Widow Mine  
  68  8:28  SCV  
  69  8:35  SCV, Marauder, Marine  
  69  8:40  SCV  
  74  8:44  Marine  
  74  8:46  Marauder  
  74  8:47  SCV  
  78  8:52  SCV  
  78  8:57  Marauder  
  78  9:00  SCV  
  75  9:05  SCV  
  71  9:10  Marine  
  71  9:14  SCV  
Tags
 
Add a new tag
Caveats
  • Supply blocks, unpowered buildings, or Contaminate may cause inaccurate times.
  • Supply counts are checked every 10 seconds.